AoeStats
← Lordinario

Nomad

509505936Analyzed
3v3 RM · 4d ago on Sep 27, 2026· 31m 5s· 6 players
Game mode
Random Map
Map size
210×210
Population
200
Speed
Normal
Resources
Standard
Victory
Conquest
Starting age
Dark Age
Ending age
Imperial Age
RankedLock teamsTeams togetherTeam positionsShared explorationLock speedFull tech treeHidden civsTurbo modeCheats
Victory
Defeat
🇨🇱 Wu · Chile
1015
+14
🇨🇱 Vikings · Chile
933
+17
🇨🇱 Varangians · Chile
885
+20
🇨🇱 Persians · Chile
971
-17
🇺🇸 Muisca · United States
967
-17
🇲🇽 Varangians · Mexico
955
-17
sebassepulvedac
5:30 Loom
13:08 Feudal Age
15:40 Town Watch
15:53 Fishing Lines
16:18 Double-Bit Axe
22:54 Castle Age
21:52 Fletching
22:15 Forging
23:37 Scale Barding Armor
23:34 Scale Mail Armor
25:12 Gillnets
26:49 Chain Barding Armor
29:24 Ballistics
29:26 Light Cavalry
Lordinario
6:50 Loom
16:52 Feudal Age
17:16 Fishing Lines
18:10 Double-Bit Axe
21:00 Wheelbarrow
23:39 Scale Mail Armor
23:49 Forging
27:13 Castle Age
26:00 Gold Mining
26:01 Stone Mining
26:06 Arson
26:11 Town Watch
26:29 Fletching
28:59 Squires
28:46 Gambesons
29:22 Gillnets
30:08 Chain Mail Armor
30:29 Iron Casting
29:50 Bodkin Arrow
30:14 Medium Warships
Hidekisan
5:47 Loom
12:36 Feudal Age
14:35 Double-Bit Axe
18:31 Castle Age
17:53 Fletching
17:59 Stone Mining
19:28 Fishing Lines
22:07 Bodkin Arrow
22:13 Padded Archer Armor
22:27 Bow Saw
23:52 Gillnets
24:49 Gold Mining
27:30 Horse Collar
28:41 Ballistics
29:21 Leather Archer Armor
TheBulAb69
4:08 Loom
16:49 Feudal Age
17:34 Double-Bit Axe
23:17 Castle Age
21:12 Fletching
21:24 Padded Archer Armor
23:19 Crossbowman
24:04 Thumb Ring
24:23 Bow Saw
24:49 Bodkin Arrow
25:10 Leather Archer Armor
26:21 Leather Archer Armor
26:13 Gold Mining
27:31 Stone Mining
28:20 Ballistics
27:42 Treadmill Crane
28:49 Stone Shaft Mining
29:31 Wheelbarrow
29:13 Town Watch
weirstt
4:28 Loom
15:32 Feudal Age
Valley of happiness
5:45 Loom
14:27 Feudal Age
15:47 Town Watch
18:18 Wheelbarrow
20:37 Castle Age
18:54 Stone Mining
19:14 Horse Collar
21:55 Gold Mining
24:31 Hand Cart
24:42 Double-Bit Axe
24:58 Fletching
27:08 Bow Saw
27:40 Gold Shaft Mining
Connection lost

Rejoining the realm…

Still unreachable

The connection could not be restored.

Session expired

The server has moved on; the page needs a fresh start.